 Dungeon Crawl Stone Soup version 0.25.1-2-g60ff931df9 (webtiles) character file.

Game seed: 969996180952255827

289 DildoBatman the Conjurer (level 6, -1/41 HPs)
             Began as a Formicid Wizard on Aug 12, 2020.
             Slain by a sky beast (5 damage)
             ... on level 5 of the Dungeon.
             The game lasted 00:12:23 (5165 turns).

DildoBatman the Conjurer (Formicid Wizard)          Turns: 5165, Time: 00:12:23

Health: -1/41      AC:  4    Str: 11    XL:     6   Next: 58%
Magic:  4/10       EV: 12    Int: 20    God:
Gold:   132        SH:  0    Dex:  9    Spells: 4/11 levels left

rFire    . . .     SeeInvis +   a - +0 falchion
rCold    . . .     Gourm    .   (no shield)
rNeg     . . .     Faith    .   w - +0 robe
rPois    .         Spirit   .   (helmet unavailable)
rElec    .         Reflect  .   (no cloak)
rCorr    .         Harm     .   m - +1 pair of gloves
MR       .....                  (no boots)
Stlth    ++........             (no amulet)
HPRegen  0.13/turn              (no ring)
MPRegen  0.12/turn              (no ring)

@: very slightly contaminated
A: permanent stasis, dig shafts and tunnels, four strong arms, antennae 3
a: Dig, Shaft Self


You were on level 5 of the Dungeon.
You were not hungry.

You visited 1 branch of the dungeon, and saw 5 of its levels.

You collected 132 gold pieces.

Inventory:

Hand Weapons
 a - a +0 falchion (weapon)
 b - a +0 trident
 c - a +0 shortbow
Missiles
 f - 5 boomerangs
 h - 51 arrows
 l - 20 sling bullets
 p - 25 bolts
 r - 60 stones (quivered)
Armour
 m - a +1 pair of gloves (worn)
 s - a +1 ring mail of cold resistance
 w - a +0 robe (worn)
Scrolls
 e - a scroll of enchant weapon {unknown}
 g - a scroll of fog {unknown}
 k - 2 scrolls of fear
 x - 2 scrolls of remove curse
 z - 5 scrolls of identify
Potions
 d - a potion of flight {unknown}
 j - a potion of resistance {unknown}
 n - a potion of brilliance {unknown}
 o - 2 potions of might {unknown}
 q - a potion of haste {unknown}
 t - 2 potions of stabbing {unknown}
Comestibles
 v - 6 rations


   Skills:
 - Level 1.7 Dodging
 - Level 2.4 Stealth
 - Level 3.2 Spellcasting
 * Level 5.0 Conjurations
   Level 1.0 Summonings
   Level 0.8 Translocations
 * Level 1.6 Fire Magic
 * Level 1.2 Air Magic


You had 4 spell levels left.
You knew the following spells:

 Your Spells              Type           Power        Failure   Level  Hunger
a - Conjure Flame         Conj/Fire      ###.....     11%         3    ###....
c - Magic Dart            Conj           ###.         1%          1    None
e - Mephitic Cloud        Conj/Pois/Air  ##......     17%         3    ###....

Your spell library contained the following spells:

 Spells                   Type           Power        Failure   Level  Hunger
 Beastly Appendage        Tmut           #.....       14%         1    None
 Call Imp                 Summ           #.......     14%         2    ##.....
 Slow                     Hex            #.......     22%         2    ##.....
 Sticks to Snakes         Tmut           #.......     22%         2    ##.....
 Spider Form              Tmut/Pois      #.........   38%         3    ###....
 Iskenderun's Mystic Bla  Conj/Tloc      ###.....     38%         4    ####...
 Summon Ice Beast         Ice/Summ       #.......     75%         4    ####...
 Ice Form                 Ice/Tmut       #.......     80%         4    ####...
 Blade Hands              Tmut           #.........   98%         5    ######.
 Ozocubu's Refrigeration  Ice            #.........   100%        6    #######
 Simulacrum               Ice/Necr       #.........   100%        6    #######
 Blink                    Tloc           Unusable     N/A         2    N/A

Dungeon Overview and Level Annotations

Branches:
Dungeon (5/15)
 Temple: D:4-7

Altars:
Hepliaklqana
Qazlal
Ru
Sif Muna
Uskayaw
Vehumet

Annotations:
D:2 1 exclusion
D:4 Blork the orc, Edmund, Menkaure


Innate Abilities, Weirdness & Mutations

You cannot be hasted, slowed, berserked, paralysed or teleported.
You can dig through walls and to a lower floor.
Your four strong arms can wield two-handed weapons with a shield.
You have a pair of large antennae on your head. (SInv)


Message History

You hit the sky beast but do no damage.
The sky beast is moderately wounded.
You barely miss the sky beast.
The sky beast is moderately wounded.
You hit the sky beast.
The sky beast is heavily wounded.
The sky beast hits you. The sky beast shocks you.
The sky beast seems less confused.
The sky beast hits you. The sky beast shocks you.
You barely miss the sky beast.
The sky beast is heavily wounded.
The sky beast barely misses you.
You riposte.
You hit the sky beast but do no damage.
The sky beast is heavily wounded.
The sky beast hits you. The sky beast shocks you.
You die...

.#.........####### #.#≈≈.≈≈#..#
.#...............#####≈#≈8.8≈#.Y#
##.........8.8.8.#.....'.._..'..#
...................#####≈8.8≈#.##
#..................# #≈≈.≈≈#.#
..####..##......#..# ##+###
..####..#.....)_#..#
.......>#......Y#..#
........#.......@.##
#####.............# #
#.#.##.8.8.8.## #.#..........#
#.#.#.....#### #.#.####### #.#.#
#...# ####


You could see a sky beast.

Vanquished Creatures
  An ogre (D:5)
  A hound (D:3)
  An orc wizard (D:4)
  6 adders
  2 oozes (D:2)
  2 adder skeletons (D:5)
  An adder zombie (D:5)
  2 worms (D:2)
  A dart slug (D:3)
  3 leopard geckos
  7 orcs
  A ball python (D:3)
  5 bats
  4 giant cockroaches
  6 hobgoblins
  5 kobolds
  3 quokkas
  6 frilled lizards
  6 goblins
  8 rats
71 creatures vanquished.

Notes
Turn   | Place    | Note
-------+----------+-------------------------------------------
     0 | D:1      | DildoBatman the Formicid Wizard began the quest for the
                  | Orb.
     0 | D:1      | Reached XP level 1. HP: 13/13 MP: 4/4
    31 | D:1      | Reached skill level 1 in Conjurations
   303 | D:1      | Reached XP level 2. HP: 16/19 MP: 0/6
   428 | D:1      | Reached skill level 2 in Conjurations
  1229 | D:2      | Reached XP level 3. HP: 24/24 MP: 4/7
  1234 | D:2      | Learned a level 3 spell: Conjure Flame
  1238 | D:2      | Learned a level 3 spell: Mephitic Cloud
  1780 | D:2      | Found a shimmering blue altar of Sif Muna.
  1816 | D:2      | Reached skill level 3 in Conjurations
  1856 | D:2      | Reached XP level 4. HP: 30/30 MP: 4/8
  2204 | D:2      | Found a radiant altar of Vehumet.
  2336 | D:2      | Found a sacrificial altar of Ru.
  2618 | D:3      | Found a stormy altar of Qazlal.
  3026 | D:3      | Reached skill level 4 in Conjurations
  3026 | D:3      | Reached XP level 5. HP: 35/35 MP: 1/9
  3266 | D:4      | Noticed Edmund
  3266 | D:4      | Noticed Blork the orc
  3323 | D:4      | Noticed Menkaure
  4680 | D:5      | Entered Level 5 of the Dungeon
  4718 | D:5      | Reached XP level 6. HP: 37/41 MP: 5/10
  4768 | D:5      | Identified Ypnuc's Reference Book on the Quantum Frostbite
  4875 | D:5      | Noticed an ogre
  4923 | D:5      | Killed an ogre
  4923 | D:5      | Reached skill level 5 in Conjurations
  4923 | D:5      | Reached skill level 1 in Fire Magic
  4923 | D:5      | Reached skill level 1 in Air Magic
  5077 | D:5      | Found a hide-covered altar of Uskayaw.
  5099 | D:5      | Found a hazy altar of Hepliaklqana.
  5109 | D:5      | Noticed a sky beast
  5165 | D:5      | Slain by a sky beast

Illustrated notes

Levels and vault maps discovered:
D:1:      roderic_chinese_lattice_arrival, layout_basic, hangedman_decor_push
D:2:      layout_basic, fiery_altar_vehumet, nicolae_ru_path_of_blood,
          lemuel_tele_altar
D:3:      layout_basic, grunt_qazlal_clouds
D:4:      layout_rooms, uniq_menkaure, uniq_edmund, uniq_blork_the_orc
D:5:      layout_basic, kennysheep_little_box, eat_drink_and_be_merry_uskayaw,
          tgw_sif, first_ration, uniq_sigmund

Skill      XL: |  1  2  3  4  5  6 |
---------------+-------------------+-----
Conjurations   | 1 2 3 4 5 |  5.0
Fire Magic     | 1 |  1.6
Air Magic      | 1 |  1.2
Dodging        | |  1.7
Stealth        | |  2.4
Spellcasting   | |  3.2
Summonings     | |  1.0
Translocations | |  0.8

Action                   |  1- 3 |  4- 6 || total
-------------------------+-------+-------++-------
Melee: Club              |     7 |     3 ||    10
       Dagger            |     5 |       ||     5
       Short sword       |       |     6 ||     6
       Falchion          |       |    17 ||    17
       Trident           |       |     4 ||     4
 Cast: Magic Dart        |    76 |   118 ||   194
       Mephitic Cloud    |       |     5 ||     5
       Conjure Flame     |       |     2 ||     2
 Abil: Dig               |     2 |     7 ||     9
  Use: Scroll            |       |     5 ||     5
 Stab: Sleeping          |       |     1 ||     1
       Confused          |       |     2 ||     2
  Eat: Chunk             |     3 |    11 ||    14
Armor: Robe              |     3 |    11 ||    14
Dodge: Dodged            |    15 |    21 ||    36
       Rpst.: Falchion   |       |     6 ||     6
